 Dungeon Crawl Stone Soup version 0.30-a0-643-g638baaf3f0 (webtiles) character file.

Game seed: 13030347896156231037

4936 Absynth the Thaumaturge (level 10, 69/79 HPs)
             Began as a Demonspawn Transmuter on Jan 16, 2023.
             Was an Initiate of Ashenzari.
             Quit the game on level 7 of the Dungeon.
             The game lasted 00:40:52 (8580 turns).

Absynth the Thaumaturge (Demonspawn Transmuter)     Turns: 8580, Time: 00:40:53

Health: 69/79      AC:  6    Str: 12    XL:     10   Next: 27%
Magic:  22/22      EV: 18    Int: 16    God:    Ashenzari [......]
Gold:   371        SH:  0    Dex: 15    Spells: 22/25 levels left

rFire   . . .      SeeInvis .      - Unarmed
rCold   . . .      Faith    .    (no shield)
rNeg    + . .      Spirit   .    B - +2 robe {rN+}
rPois   .          Reflect  .    (helmet currently unavailable)
rElec   .          Harm     .    (no cloak)
rCorr   +          Rampage  .    (no gloves)
Will    .....                    (boots currently unavailable)
Stlth   +                        a - amulet of regeneration
HPRegen 1.13/turn                e - +5 ring of evasion
MPRegen 0.18/turn                q - ring of resist corrosion

@: appendages, wereblooded
A: horns 2, talons 2, rugged brown scales 2, powered by death 2, demonic touch 2
a: End Transformation, Renounce Religion


You were on level 7 of the Dungeon.
You worshipped Ashenzari.
Ashenzari was noncommittal.
You had temporarily grown beastly horns and talons.
You visited 2 branches of the dungeon, and saw 9 of its levels.

You collected 371 gold pieces.

Inventory:

Missiles
 g - 2 throwing nets
 r - 2 javelins (quivered)
Armour
 c - a +0 ring mail of poison resistance
 m - a +1 helmet (melded)
 B - a +2 robe of positive energy (worn)
Magical Staves
 d - a staff of air
Jewellery
 a - an amulet of regeneration (around neck)
 e - a +5 ring of evasion (left hand)
 q - a ring of resist corrosion (right hand)
 y - a ring of fire
 z - a ring of ice
 C - a ring of positive energy
 D - a ring of flight
 E - a ring of see invisible
Wands
 h - a wand of digging (5)
 s - a wand of flame (33)
Scrolls
 f - a scroll of brand weapon
 i - a scroll of fear {unknown}
 l - 7 scrolls of identify
 o - 3 scrolls of teleportation
 t - 2 scrolls of silence {unknown}
 v - 2 scrolls of amnesia {unknown}
 A - a scroll of enchant armour {unknown}
Potions
 b - 4 potions of lignification
 j - 2 potions of degeneration {unknown}
 k - 5 potions of curing
 n - 2 potions of brilliance {unknown}
 p - 2 potions of mutation {unknown}
 u - a potion of haste {unknown}
 w - 2 potions of flight {unknown}
 x - a potion of attraction {unknown}
Miscellaneous
 F - a condenser vane


   Skills:
 + Level 6.0 Fighting
 - Level 3.4 Dodging
 + Level 6.9 Unarmed Combat
 - Level 8.3 Spellcasting
 * Level 7.2 Transmutations


You had 22 spell levels left.
You knew the following spells:

 Your Spells              Type           Power      Damage    Failure   Level
a - Beastly Appendage     Tmut           58%        N/A       1%          1
b - Wereblood             Tmut           29%        N/A       1%          2

Your spell library contained the following spells:

 Spells                   Type           Power      Damage    Failure   Level
 Spider Form              Tmut/Pois      18%        N/A       8%          3
 Ice Form                 Ice/Tmut       18%        N/A       24%         4


Dungeon Overview and Level Annotations

Branches:
Dungeon (8/15)             Temple (1/1) D:7
   Lair: D:8-11

Altars:
Ashenzari
Cheibriados
Fedhas
Gozag
Hepliaklqana
Kikubaaqudgha
Okawaru
Qazlal
Ru
Sif Muna
Trog
Uskayaw
Vehumet
Wu Jian
Xom

Annotations:
D:8 Maggie


Innate Abilities, Weirdness & Mutations

You have temporarily grown beastly horns and talons.
You are mostly covered in rugged brown scales. (AC +2, +5% HP)
You regenerate health from kills.
Your touch may inflict irresistible damage on your foes.


Message History

Your primal bloodlust has ended.
There is an open door here.
Casting: Beastly Appendage (safe; 1% risk of failure)
Confirm with . or Enter, or press ? or * to list all spells.
Your blood is infused with primal strength.
The troll closely misses you. The troll barely misses you.
The troll closely misses you.
You closely miss the troll. You claw the troll.
The troll is lightly wounded.
The troll closely misses you. The troll misses you. The troll claws you.
You hit the troll.
You touch the troll!
The troll is heavily wounded.
The troll bites you but does no damage. The troll claws you.
The troll closely misses you.
You barely miss the troll. Your kick misses the troll.
Your headbutt misses the troll.
The troll is heavily wounded.
The troll misses you. The troll claws you. x2
You hit the troll. You claw the troll. You headbutt the troll.
You touch the troll!
The troll is almost dead.
The troll bites you! The troll completely misses you. The troll misses you.
You closely miss the troll.
The troll is almost dead.
The troll completely misses you. The troll claws you.
The troll closely misses you.
You barely miss the troll. You headbutt the troll.
You feel a bit better.
You kill the troll!
Your Fighting skill increases to level 6!
You howl as the wereblood boils in your veins!
Found a thick jewelled staff.
You howl as the wereblood boils in your veins!
There is an open door here.
D - a ring of flight;
E - a ring of see invisible
Items here: )) ||| }.
You howl as the wereblood boils in your veins!
There is an open door here.
Items here: )) ||| }.
F - a condenser vane Are you sure you want to abandon this character and quit the game? (Confirm with "yes".)

##.###.#.....#...#.# #....
#####..###.##...##..##.########..
...........##...#...##...........
.#####'#########'#########'#####.
.#.#.#.#.#.#.........#.....♣♣ #.
.##.......##.#######.#..♣...♣..#.
.#..###.⌠..# #.....#.#.♣.......#.
.##.#.#...## #.#'#.#.#....♣..P.#.
.'..##.##..+ #.#@#.#.'..[.⌠....'.
.##...#.#.## #.###.#)#♣..♣..♣..#.
.#..⌠.###..# #.....#.#.........#.
.##.......##.###'###.#..♣♣..♣..#
.#.#.#.#.#.#....)....#♣.. .♣♣♣.#
.#####'#########'######## # ##
.........).# #..##..##..
##########.###..##..##.#
..#)#..##u.##.#.#


There were no monsters in sight!

Vanquished Creatures
  Pikel (D:7)
  A gargoyle (D:7)
  A troll (D:7)
  A slime creature (D:7)
  2 wyverns (D:7)
  A wraith (D:7)
  Menkaure (D:7)
  Edmund (D:6)
  2 water moccasins (D:7)
  4 ice beasts
  An orc warrior (D:7)
  A sky beast (D:7)
  An ogre (D:5)
  2 centaurs (D:7)
  2 phantoms (D:6)
  Blork the orc (D:6)
  A kobold brigand (D:7)
  2 bullfrogs (D:7)
  2 necrophages
  3 scorpions
  12 wights
  4 hounds
  2 orc priests (D:6)
  A gnoll bouda (D:5)
  Natasha (thrice) (D:2)
  6 iguanas
  5 orc wizards
  4 gnolls (D:5)
  5 adders
  A shadow imp (D:6)
  2 white imps
  A worm (D:2)
  4 dart slugs
  5 orcs
  7 ball pythons
  10 bats
  7 endoplasms
  4 giant cockroaches (D:1)
  10 goblins
  15 hobgoblins
  8 jackals
  3 quokkas
  3 frilled lizards
  4 kobolds
  4 rats
161 creatures vanquished.

Vanquished Creatures (others)
  12 plants (D:7)
12 creatures vanquished.

Grand Total: 173 creatures vanquished

Notes
Turn   | Place    | Note
-------+----------+-------------------------------------------
     0 | D:1      | Absynth the Demonspawn Transmuter began the quest for the
                  | Orb.
     0 | D:1      | Reached XP level 1. HP: 15/15 MP: 3/3
   152 | D:1      | Gained mutation: You regenerate a little health from kills.
                  | [demonic ancestry]
   152 | D:1      | Reached XP level 2. HP: 12/21 MP: 3/5
   510 | D:1      | Found a faded altar of an unknown god.
   576 | D:1      | Gained mutation: Your touch may inflict minor irresistible
                  | damage on your foes. [demonic ancestry]
   576 | D:1      | Reached XP level 3. HP: 25/26 MP: 6/6
   676 | D:1      | Learned a level 2 spell: Wereblood
  1182 | D:2      | Noticed Natasha
  1188 | D:2      | Killed Natasha
  1189 | D:2      | Reached skill level 3 in Spellcasting
  1189 | D:2      | Reached XP level 4. HP: 12/32 MP: 6/8
  1374 | D:2      | Noticed Natasha
  1383 | D:2      | Killed Natasha
  1973 | D:2      | Noticed Natasha
  1985 | D:2      | Killed Natasha
  1986 | D:2      | Reached XP level 5. HP: 30/37 MP: 6/10
  2746 | D:3      | Found a hide-covered altar of Uskayaw.
  2850 | D:3      | Found a radiant altar of Vehumet.
  2850 | D:3      | Found an ornate altar of the Wu Jian Council.
  3672 | D:4      | Reached skill level 4 in Spellcasting
  3672 | D:4      | Gained mutation: You are partially covered in rugged brown
                  | scales. (AC +1, +3% HP) [demonic ancestry]
  3672 | D:4      | Reached XP level 6. HP: 37/44 MP: 9/12
  4179 | D:4      | Gained mutation: Your touch may inflict irresistible damage
                  | on your foes. [demonic ancestry]
  4179 | D:4      | Reached XP level 7. HP: 30/49 MP: 12/14
  4600 | D:5      | Entered Level 5 of the Dungeon
  4842 | D:5      | Reached skill level 5 in Spellcasting
  5420 | D:5      | Reached XP level 8. HP: 30/58 MP: 16/16
  5859 | D:6      | Reached skill level 6 in Spellcasting
  6398 | D:6      | Noticed Edmund
  6415 | D:6      | Killed Edmund
  6456 | D:6      | Noticed Blork the orc
  6478 | D:6      | Killed Blork the orc
  6479 | D:6      | Reached skill level 5 in Unarmed Combat
  6600 | D:6      | Found a stormy altar of Qazlal.
  6959 | D:7      | Found a staircase to the Ecumenical Temple.
  6960 | D:7      | Noticed Menkaure
  6983 | D:7      | Killed Menkaure
  6984 | D:7      | Reached skill level 7 in Spellcasting
  6984 | D:7      | Reached skill level 5 in Transmutations
  7138 | Temple   | Entered the Ecumenical Temple
  7290 | Temple   | Became a worshipper of Ashenzari the Shackled
  7330 | D:7      | Gained mutation: You are mostly covered in rugged brown
                  | scales. (AC +2, +5% HP) [demonic ancestry]
  7330 | D:7      | Reached XP level 9. HP: 19/68 MP: 19/19
  7501 | D:7      | Noticed Pikel
  7578 | D:7      | Killed Pikel
  7694 | D:7      | Found the +8 trident of the Octopus King {venom, rElec
                  | rPois}
  7931 | D:6      | Reached skill level 8 in Spellcasting
  7968 | D:7      | Reached skill level 5 in Fighting
  8064 | D:7      | You fall into a shaft and drop 1 floor!
  8068 | D:8      | Noticed Maggie
  8295 | D:7      | Gained mutation: You regenerate health from kills. [demonic
                  | ancestry]
  8295 | D:7      | Reached XP level 10. HP: 70/76 MP: 20/22
  8334 | D:7      | Noticed a gargoyle
  8336 | D:7      | Noticed a brown ugly thing
  8502 | D:7      | Killed a gargoyle
  8575 | D:7      | Identified the +3 flail of Wemiwed {venom, Dex+7}
  8580 | D:7      | Quit the game

Illustrated notes

Levels and vault maps discovered:
D:1:      minmay_arrival_split_and_join, layout_basic,
          hellmonk_ecumenical_altar_slurped_away
D:2:      layout_basic, kennysheep_cross_room, chequers_avenue, uniq_natasha
D:3:      minmay_door_path, layout_loops_cross, nicolae_overflow_hidden_temple
D:4:      layout_loops_corners
D:5:      layout_basic, elyvilon_altar_1
D:6:      layout_loops_ring, mainiacjoe_overflow_alcove_4, uniq_blork_the_orc,
          uniq_edmund
D:7:      minmay_the_grid_plus [minmay_the_grid_tiny_cups,
          minmay_the_grid_zigzag_pyramid, minmay_the_grid_minigrid_medium,
          minmay_the_grid_garden, minmay_the_grid_prize_shrinking_boxes],
          layout_basic, minmay_temple_entry_trees, fountainhead, uniq_pikel,
          uniq_menkaure, uniq_crazy_yiuf_cottage
D:8:      layout_loops_ring, grunt_temple_overflow_cloverleaf,
          hellmonk_lair_entry_icy, uniq_psyche, uniq_maurice, uniq_maggie
Temple:   hellmonk_temple_forest_ring

Skill      XL: |  1  2  3  4  5  6  7  8  9 10 |
---------------+-------------------------------+-----
Dodging        | 2 3 |  3.4
Transmutations | 2 3 4 5 6 7 |  7.2
Unarmed Combat | 3 4 5 6 |  6.9
Spellcasting   | 3 4 5 7 8 |  8.3
Fighting       | 2 4 5 6 |  6.0

Action                   |  1- 3 |  4- 6 |  7- 9 | 10-12 || total
-------------------------+-------+-------+-------+-------++-------
Melee: Unarmed           |   111 |   119 |   280 |    36 ||   546
       Punch             |     3 |     4 |    10 |     3 ||    20
       Kick              |     7 |    21 |    94 |    19 ||   141
       Headbutt          |     4 |    15 |    54 |    12 ||    85
       Touch             |    10 |    28 |    56 |     9 ||   103
Throw: Javelin           |       |       |     1 |       ||     1
 Cast: Beastly Appendage |     6 |    21 |    42 |     6 ||    75
       Wereblood         |     1 |     1 |    10 |     3 ||    15
  Use: Scroll            |       |     6 |       |     1 ||     7
       Potion            |       |       |     1 |       ||     1
 Stab: Sleeping          |     2 |     2 |       |       ||     4
Armor: Robe              |    35 |    15 |    32 |     2 ||    84
Dodge: Dodged            |    77 |    73 |   204 |    33 ||   387

Table legend: (Time is in decaauts)
 A = Elapsed time spent in this place.
 B = Non-inter-level travel time spent in this place.
 C = Inter-level travel time spent in this place.
 D = Time resting spent in this place.
 E = Time spent auto-exploring this place.
 F = Levels seen in this place.
 G = Mean time per level.
                   A        B        C        D        E       F      G
               +--------+--------+--------+--------+--------+-----+--------+
         Total |   8545 |   8253 |    292 |   1821 |   4421 |   9 |  949.4 |
       Dungeon |   8377 |   8096 |    281 |   1821 |   4280 |   8 | 1047.1 |
        Temple |    167 |    156 |     11 |      0 |    141 |   1 |  167.0 |
               +--------+--------+--------+--------+--------+-----+--------+

Top non-repeatable levels by time:
     D:7: 1712 daAuts
     D:2: 1475 daAuts
     D:4: 1320 daAuts
     D:5: 1092 daAuts
     D:6: 937 daAuts
     D:3: 935 daAuts
     D:1: 883 daAuts
  Temple: 167 daAuts
     D:8: 20 daAuts
